 Dungeon Crawl Stone Soup version 0.25.0-8-gfd19cd77bd (webtiles) character file.

Game seed: 4913364136580521505

3338 Descartes the Fighter (level 10, -7/85 HPs)
             Began as a Formicid Fighter on June 16, 2020.
             Was a Plaything of Xom.
             Mangled by an orc warrior
             ... wielding a +0 war axe
              (13 damage)
             ... in a bailey.
             The game lasted 00:19:02 (8390 turns).

Descartes the Fighter (Formicid Fighter)            Turns: 8390, Time: 00:19:02

Health: -7/85      AC: 14    Str: 21    XL:     10   Next: 22%
Magic:  10/10      EV:  8    Int: 11    God:    Xom [..*...]
Gold:   424        SH: 11    Dex: 10    Spells: 9/9 levels left

rFire    . . .     SeeInvis +   p - +2 quarterstaff (chaos)
rCold    . . .     Gourm    .   c - +0 kite shield
rNeg     . . .     Faith    .   D - +0 chain mail
rPois    .         Spirit   .   (helmet unavailable)
rElec    .         Reflect  .   u - +0 cloak
rCorr    .         Harm     .   (no gloves)
MR       +....                  r - +0 pair of boots
Stlth    ..........             (no amulet)
HPRegen  0.24/turn              (no ring)
MPRegen  0.12/turn              (no ring)

@: no status effects
A: permanent stasis, dig shafts and tunnels, four strong arms, antennae 3,
screaming 1
a: Dig, Shaft Self, Renounce Religion


You were in a bailey.
You worshipped Xom.
You were a toy of Xom.
You were hungry.

You visited 1 branch of the dungeon, and saw 8 of its levels.
You also visited: Ossuary and Bailey.

You collected 424 gold pieces.

Inventory:

Hand Weapons
 l - a +2 whip of flaming
 p - a +2 quarterstaff of chaos (weapon)
 t - a +1 mace of holy wrath
Missiles
 k - 186 stones (quivered)
 n - 218 arrows
 w - 6 boomerangs
 y - 4 javelins
 I - 16 poisoned darts
 J - a throwing net
Armour
 c - a +0 kite shield (worn)
 r - a +0 pair of boots (worn)
 u - a +0 cloak (worn)
 D - a +0 chain mail (worn)
Wands
 z - a wand of flame (18)
Scrolls
 e - 9 scrolls of remove curse
 h - 3 scrolls of enchant weapon {unknown}
 i - 4 scrolls of fog
 m - a scroll of fear {unknown}
 q - 2 scrolls of immolation
 v - a scroll of random uselessness {unknown}
 H - a scroll of brand weapon {unknown}
Potions
 g - a potion of cancellation
 j - 7 potions of curing
 x - 5 potions of brilliance
 A - a potion of stabbing {unknown}
 B - a potion of ambrosia
 C - 2 potions of magic
 F - a potion of degeneration {unknown}
 K - a potion of flight {unknown}
Comestibles
 f - 10 rations


   Skills:
 + Level 9.9 Fighting
   Level 2.0 Long Blades
 + Level 9.9 Armour
 - Level 9.0 Shields


You had 9 spell levels left.
You didn't know any spells.
Your spell library was empty.

Dungeon Overview and Level Annotations

Branches:
Dungeon (8/15)             Temple (0/1) D:5         Ossuary (visited)
 Bailey (1/1)
   Lair: D:8-11

Altars:
Dithmenos
Elyvilon
Hepliaklqana
Okawaru
Wu Jian
Xom
Yredelemnul
The Shining One

Annotations:
Abyss:1 Duvessa


Innate Abilities, Weirdness & Mutations

You cannot be hasted, slowed, berserked, paralysed or teleported.
You can dig through walls and to a lower floor.
Your four strong arms can wield two-handed weapons with a shield.
You have a pair of large antennae on your head. (SInv)
You occasionally shout uncontrollably at your foes.


Message History

The orc warrior is heavily wounded.
The orc warrior barely misses you. You block the hobgoblin's attack.
You block the orc warrior's attack.
You closely miss the orc warrior.
The orc warrior is heavily wounded.
The orc warrior closely misses you.
The hobgoblin hits you but does no damage.
The orc warrior hits you with a +0 war axe.
* * * LOW HITPOINT WARNING * * *
The orc warrior closely misses you.
You feel better.
The hobgoblin hits you but does no damage.
The orc warrior barely misses you.
The orc warrior hits you with a +0 war axe!
* * * LOW HITPOINT WARNING * * *
You block the hobgoblin's attack.
You completely miss the hobgoblin. The orc warrior barely misses you.
The orc warrior hits you with a +0 war axe!
You die...
Xom titters!

#.K{K≈.≈KK..#
#'###≈.≈###'#
#^..K≈.≈K..^#
#'###≈.≈###'#
#{...≈.≈.{..#
######+######
#.).# #.o)#
#.o@#
****##g## * *
,


#ogo# , *,,.gg8o{{ *:..#...#..(* ######.###### ... ... !)! You could see 3 orc
warriors, a hobgoblin and 3 goblins.

Vanquished Creatures
  Pikel (D:3)
  Edmund (D:6)
  2 orc warriors (Bailey)
  2 phantoms
  An ogre (D:8)
  2 centaurs
  A crocodile (D:7)
  A big kobold (D:7)
  A bullfrog (D:7)
  3 water moccasin zombies (Ossuary)
  Dowan (D:6)
  5 killer bees (D:7)
  5 wights
  A howler monkey (D:4)
  3 crimson imps
  A centaur zombie (D:2)
  2 hounds
  7 orc priests
  Crazy Yiuf (D:2)
  5 orc wizards
  A bullfrog skeleton (D:7)
  2 iguanas (D:5)
  Natasha (D:2)
  4 worker ants
  2 big kobold zombies (Ossuary)
  A hound skeleton (D:6)
  2 mummies (Ossuary)
  A worker ant zombie (D:5)
  A gnoll (Bailey)
  6 adders
  2 shadow imps
  An ooze (D:4)
  An adder skeleton (D:5)
  4 adder zombies (Ossuary)
  2 dart slugs
  4 worms
  2 leopard geckos
  28 orcs
  3 ball pythons
  4 bats
  3 giant cockroaches (D:3)
  A gnoll zombie (Ossuary)
  15 goblins
  10 hobgoblins
  18 jackals
  A quokka (D:3)
  3 frilled lizards
  10 hobgoblin zombies
  19 kobolds
  A kobold skeleton (D:4)
  9 kobold zombies
  3 orc skeletons (D:4)
  7 orc zombies
  A quokka zombie (D:5)
  6 rats
  A fungus (D:2)
226 creatures vanquished.

Vanquished Creatures (collateral kills)
  An orc warrior (D:8)
  An ogre (D:4)
  An orc (D:8)
  3 jackals (D:4)
6 creatures vanquished.

Vanquished Creatures (others)
  A worker ant (D:5)
  A big kobold zombie (Ossuary)
  2 gnoll zombies (D:4)
  A kobold (D:3)
  A plant (D:5)
6 creatures vanquished.

Grand Total: 238 creatures vanquished

Notes
Turn   | Place    | Note
-------+----------+-------------------------------------------
     0 | D:1      | Descartes the Formicid Fighter began the quest for the Orb.
     0 | D:1      | Reached XP level 1. HP: 18/18 MP: 1/1
   174 | D:1      | Reached XP level 2. HP: 24/24 MP: 2/2
   832 | D:2      | Reached XP level 3. HP: 29/29 MP: 3/3
  1148 | D:1      | Reached XP level 4. HP: 13/37 MP: 4/4
  1352 | D:2      | Reached skill level 5 in Shields
  1352 | D:2      | Reached XP level 5. HP: 42/42 MP: 5/5
  1421 | D:2      | Found a shimmering altar of Xom.
  1672 | D:2      | Became a worshipper of Xom the Psychotic
  1890 | D:2      | Noticed Natasha
  1897 | D:2      | Killed Natasha
  1968 | D:2      | Reached XP level 6. HP: 49/49 MP: 6/6
  1976 | D:2      | Found a faded altar of an unknown god.
  2037 | D:2      | XOM: divination: magic mapping
  2055 | D:2      | XOM: silly message
  2072 | D:2      | Found a runed translucent door.
  2073 | D:2      | Noticed Crazy Yiuf
  2081 | D:2      | Killed Crazy Yiuf
  2140 | D:2      | XOM: silly message
  2555 | D:3      | XOM: divination: detect items
  2716 | D:3      | Found a shadowy altar of Dithmenos.
  2718 | D:3      | Found an ornate altar of the Wu Jian Council.
  2878 | D:3      | XOM: cloud trail
  3009 | D:3      | XOM: silly message
  3165 | D:3      | XOM: silly message
  3292 | D:3      | XOM: silly message
  3423 | D:3      | XOM is BORED!
  3423 | D:3      | XOM: noise
  3503 | D:3      | XOM: silly message
  3751 | D:4      | Found a glowing golden altar of the Shining One.
  3794 | D:4      | XOM: cast spell 'Cause Fear'
  3803 | D:4      | Reached XP level 7. HP: 45/55 MP: 7/7
  3925 | D:4      | Found a sand-covered staircase.
  3931 | Ossuary  | Entered an ossuary
  3940 | Ossuary  | Reached skill level 5 in Armour
  3991 | Ossuary  | Reached skill level 5 in Fighting
  4051 | Ossuary  | XOM: silly message
  4159 | D:4      | Noticed Pikel
  4159 | D:4      | XOM: cast spell 'Summon Butterflies'
  4177 | D:3      | Killed Pikel
  4177 | D:3      | Reached XP level 8. HP: 33/64 MP: 8/8
  4409 | D:4      | XOM: summons friendly ufetubus
  4659 | D:4      | Found a basalt altar of Yredelemnul.
  4774 | D:5      | Entered Level 5 of the Dungeon
  4775 | D:5      | XOM: enchant monster (bad)
  4778 | D:5      | XOM: swap monsters
  4795 | D:5      | XOM: confuse monster(s)
  4941 | D:5      | Found a white marble altar of Elyvilon.
  4953 | D:5      | Reached XP level 9. HP: 25/72 MP: 9/9
  4966 | D:4      | XOM: give mutation
  4966 | D:4      | Gained mutation: You occasionally shout uncontrollably at
                  | your foes. [Xom's mischief]
  5218 | D:5      | Found a staircase to the Ecumenical Temple.
  5258 | D:5      | Found an iron altar of Okawaru.
  5265 | D:5      | XOM: blink monster(s)
  5369 | D:5      | XOM: potion effect (brilliance)
  5410 | D:5      | Found a hazy altar of Hepliaklqana.
  5604 | D:5      | XOM: silly message
  5788 | D:6      | Noticed Dowan
  5788 | D:6      | Noticed Duvessa
  5792 | D:6      | Killed Dowan
  5793 | D:6      | Banished Duvessa
  6036 | D:6      | Noticed Edmund
  6052 | D:6      | Killed Edmund
  6056 | D:6      | XOM: summons 4 hostile shadow creatures
  6665 | D:7      | XOM: smoke on damage
  6873 | D:7      | XOM: confuse monster(s)
  6997 | D:7      | XOM: noise
  7674 | D:7      | XOM: enchant monster (bad)
  7688 | D:7      | Reached XP level 10. HP: 75/83 MP: 10/10
  7951 | D:8      | Found a flagged portal.
  7962 | D:8      | HP: 1/83 [orc warrior/cursed -2 dire flail (19)]
  7968 | D:8      | XOM: cast spell 'Summon Ice Beast'
  7998 | Bailey   | Entered a bailey
  8097 | Bailey   | XOM: smoke on damage
  8101 | Bailey   | XOM: divination: magic mapping
  8112 | Bailey   | XOM: confuse monster(s)
  8312 | Bailey   | XOM: silly message
  8390 | Bailey   | Mangled by an orc warrior

Illustrated notes

Levels and vault maps discovered:
D:1:      ebering_trefoil_3fold, layout_basic
D:2:      layout_basic, lemuel_coloured_pillars_altar, first_ration,
          chequers_ecumenical_altar_lobes, uniq_crazy_yiuf_cottage, uniq_natasha
D:3:      minmay_razor_zed, layout_basic, nicolae_overflow_hidden_temple,
          minivault_5, st_stairs_10
D:4:      layout_cave_pools, lemuel_zombie_altar_yredelemnul,
          nicolae_ossuary_entry_plus, nicolae_tso_besieged_by_evil, uniq_pikel
D:5:      layout_gridville, lemuel_doored_altar, kennysheep_little_box,
          minmay_temple_entry_gardened_gates, basic_altar
D:6:      kennysheep_spiral_hall, layout_gridville, lightli_temple_of_fire,
          led_sif_book, kennysheep_generic_room_8, uniq_edmund, uniq_duvessa,
          uniq_maggie
D:7:      layout_basic
D:8:      layout_basic, old_standard_altar, nicolae_qazlal_eye_of_the_storm,
          enter_bailey_6
Bailey:   bailey_axe_1, bailey

Skill      XL: |  1  2  3  4  5  6  7  8  9 |
---------------+----------------------------+-----
Shields        | 4 5 6 8 9 |  9.0
Fighting       | 4 6 7 9 |  9.9
Armour         | 4 6 7 9 |  9.9
Long Blades    | |  2.0

Action                   |  1- 3 |  4- 6 |  7- 9 | 10-12 || total
-------------------------+-------+-------+-------+-------++-------
Melee: Long sword        |    84 |    74 |    39 |       ||   197
       Quarterstaff      |       |   142 |   377 |    76 ||   595
 Abil: Dig               |       |     1 |     1 |       ||     2
  Use: Scroll            |       |       |    12 |     2 ||    14
       Potion            |       |       |       |     5 ||     5
 Stab: Paralysed         |       |       |     4 |     1 ||     5
       Confused          |       |       |     3 |       ||     3
       Petrifying        |       |       |     1 |       ||     1
  Eat: Chunk             |     1 |     9 |    13 |     2 ||    25
Armor: Scale mail        |    32 |    53 |       |       ||    85
       Chain mail        |       |    42 |   250 |   127 ||   419
Dodge: Dodged            |    31 |    86 |   158 |    80 ||   355
Block: Kite shield       |    52 |   127 |   317 |   140 ||   636
       Rpst.: Long sword |    11 |     5 |     2 |       ||    18
